 Dungeon Crawl Stone Soup version 0.31-a0-1154-gadca813884 (webtiles) character file.

Game seed: 3324602500698378264

3908 rigao the Carver (level 10, -4/76 HPs)
             Began as a Merfolk Venom Mage on Sept 21, 2023.
             Was a High Priest of Okawaru.
             Killed from afar by Maggie (22 damage)
             ... with a bolt of fire
             ... on level 8 of the Dungeon on Dec 7, 2023.
             The game lasted 00:37:05 (9790 turns).

rigao the Carver (Merfolk Venom Mage)               Turns: 9790, Time: 00:37:06

Health: -4/76      AC:  9    Str: 15    XL:     10   Next: 20%
Magic:  13/13      EV: 16    Int: 15    God:    Okawaru [*****.]
Gold:   313        SH:  0    Dex: 22    Spells: 5/13 levels left

rFire   . . .        h - +4 falchion (heavy)
rCold   . . .        (no shield)
rNeg    + + .        y - +0 ring mail of Seni {rN++ Dex+4}
rPois   .            u - +0 helmet
rElec   .            t - scarf {repulsion}
rCorr   .            k - +1 pair of gloves
SInv    .            A - +0 pair of boots
Will    .....        (no amulet)
Stlth   ++           x - +6 ring of strength
HPRegen 0.32/turn    (no ring)
MPRegen 0.13/turn

%: repel missiles
@: hasted, very quick
A: (nimble swimmer 2), mertail
a: Renounce Religion, Heroism, Finesse, Duel


You were on level 8 of the Dungeon.
You worshipped Okawaru.
Okawaru was extremely pleased with you.
You visited 2 branches of the dungeon, and saw 9 of its levels.

You collected 511 gold pieces.
You spent 198 gold pieces at shops.

Inventory:

Hand Weapons
 h - a +4 heavy falchion (weapon)
 E - a +2 scimitar of freezing
Armour
 k - a +1 pair of gloves (worn)
 t - a scarf of repulsion (worn)
 u - a +0 helmet (worn)
 y - the +0 ring mail of Seni (worn) {rN++ Dex+4}
   (You took it off an orc on level 4 of the Dungeon)

   Dex+4:     It affects your dexterity (+4).
   rN++:      It greatly protects you from negative energy.
 A - a +0 pair of boots (worn)
Jewellery
 f - a ring of fire
 x - a +6 ring of strength (left hand)
 C - a ring of poison resistance
Wands
 n - a wand of flame (30)
 D - a wand of paralysis (8)
Scrolls
 a - a scroll of enchant armour {unknown}
 g - 2 scrolls of teleportation
 i - 2 scrolls of revelation {unknown}
 j - a scroll of poison {unknown}
 p - 3 scrolls of identify {unknown}
 q - a scroll of immolation
 s - a scroll of fear {unknown}
Potions
 b - a potion of magic
 c - a potion of brilliance {unknown}
 d - 2 potions of haste
 e - 3 potions of attraction {unknown}
 m - 2 potions of ambrosia {unknown}
 r - 2 potions of heal wounds {unknown}
 v - 3 potions of might
 w - 2 potions of curing
 z - 2 potions of invisibility {unknown}
 B - a potion of mutation {unknown}


   Skills:
 - Level 6.0 Fighting
 - Level 9.0 Long Blades
 - Level 8.0 Dodging
 - Level 2.1 Stealth
 - Level 2.0 Spellcasting
 + Level 3.4 Conjurations
 - Level 1.3 Transmutations
 + Level 3.4 Air Magic
 - Level 6.0 Poison Magic
 - Level 4.0 Invocations
 - Level 3.0 Evocations


You had 5 spell levels left.
You knew the following spells:

 Your Spells              Type           Power      Damage    Failure   Level
a - Sting                 Tmut/Pois      48%        1d5       10%         1
b - Mephitic Cloud        Conj/Pois/Air  14%        N/A       22%         3
c - Olgreb's Toxic Radia  Pois           19%        N/A       36%         4

Your spell library contained the following spells:

 Spells                   Type           Power      Damage    Failure   Level
 Poisonous Vapours        Pois/Air       30%        N/A       10%         2
 Cigotuvi's Dreadful Rot  Necr/Pois/Air  20%        N/A       19%         2
 Ignite Poison            Fire/Tmut/Pois 8%         N/A       43%         3
 Freezing Cloud           Conj/Ice/Air   4%         6-21      99%         5


Dungeon Overview and Level Annotations

Branches:
Dungeon (8/15)             Temple (1/1) D:5
   Lair: D:8-11

Altars:
Ashenzari
Cheibriados
Dithmenos
Elyvilon
Fedhas
Gozag
Hepliaklqana
Kikubaaqudgha
Makhleb
Nemelex Xobeh
Okawaru
Qazlal
Ru
Trog
Uskayaw
Vehumet
Wu Jian
Xom
Yredelemnul
Zin
The Shining One

Shops:
D:4 !

Annotations:
D:7 1 runed translucent door
D:8 Maggie


Innate Abilities, Weirdness & Mutations

((You are very nimble when in or above water. (Stealth+, EV+, Speed+++)))
Your lower body shifts to a powerful aquatic tail in water.


Message History

Press: ? - help, Shift-Dir - straight line, f/p - Maggie
Aim: Maggie, wielding a +1 halberd of flaming and wearing +0 steam dragon scales (moderately wounded, constricted by roots, 100% to hit)
The puff of flame hits Maggie.
Maggie is moderately wounded.
The grasping roots constrict Maggie.
The roots release their grip on Maggie.
Aiming: Throw Flame
Press: ? - help, Shift-Dir - straight line, f/p - Maggie
Aim: Maggie, wielding a +1 halberd of flaming and wearing +0 steam dragon scales (moderately wounded, 71% to hit)
The puff of flame hits Maggie.
Maggie is heavily wounded.
Aiming: Fastroot
Press: ? - help, Shift-Dir - straight line, f/p - Maggie
Aim: Maggie, wielding a +1 halberd of flaming and wearing +0 steam dragon scales (heavily wounded)
The roots erupt in riotous growth!
Roots grab Maggie.
The now-empty wand crumbles to dust.
The grasping roots constrict Maggie.
You hear a shout! x2
Maggie hits you from afar with a +1 halberd of flaming.
Maggie burns you.
The grasping roots constrict Maggie.
The roots release their grip on Maggie.
Maggie closely misses you.
You hit Maggie but do no damage.
Maggie is heavily wounded.
Maggie misses you.
You closely miss Maggie.
Maggie is heavily wounded.
Maggie points at you and mumbles some strange words.
The bolt of fire hits you!!
You slice Maggie!!
Maggie is almost dead.
Maggie hits you with a +1 halberd of flaming.
Maggie burns you.
Maggie hits you with a +1 halberd of flaming!
Maggie burns you!
* * * LOW HITPOINT WARNING * * *
Okay, then.
You feel yourself speed up.
Maggie points at you and mumbles some strange words.
The bolt of fire hits you!!
You die...

#.......# ..............
#.......# .. ......... #.......#
....... #.......# .....
##+####+#. ... ..........
#####'####+### ...........
#............. ............
#...@.........
..<..........#..@..........
.............#.............
.............#'##..###...##
###########.....#..###...#
..........#.....#.........
..........#.....'.........
..........#.....#........
###'#######.....########## ##
....................##...####.##


You could see Maggie.

Vanquished Creatures
  Pikel (D:6)
  Grinder (D:6)
  Prince Ribbit (D:5)
  A wraith (D:8)
  A steam dragon (D:6)
  2 water moccasins
  An ice beast (D:6)
  3 black bears
  2 orc warriors
  A sky beast (D:7)
  3 ogres
  2 centaurs
  A kobold brigand (D:8)
  Blork the orc (D:5)
  3 bullfrogs
  2 scorpions (D:6)
  6 killer bees (D:8)
  A howler monkey (D:5)
  7 hounds
  A jelly (D:6)
  A human zombie (D:7)
  4 iguanas
  A sleepcap (D:4)
  Ijyb (D:3)
  Natasha (thrice) (D:3)
  6 orc wizards
  4 adders
  A shadow imp (D:7)
  A white imp (D:6)
  2 dart slugs
  22 orcs
  11 endoplasms
  3 giant cockroaches
  6 goblins
  5 hobgoblins
  8 jackals
  3 quokkas
  4 ball pythons
  3 bats
  3 frilled lizards
  9 kobolds
  6 rats
148 creatures vanquished.

Notes
Turn   | Place    | Note
-------+----------+-------------------------------------------
     0 | D:1      | rigao the Merfolk Venom Mage began the quest for the Orb.
     0 | D:1      | Reached XP level 1. HP: 13/13 MP: 3/3
     0 | D:1      | Upgraded the game from 0.31-a0-803-g95b03c3367 to
                  | 0.31-a0-1154-gadca813884
   460 | D:1      | Reached XP level 2. HP: 19/19 MP: 1/5
  1049 | D:2      | Reached skill level 1 in Long Blades
  1605 | D:2      | Reached skill level 2 in Long Blades
  1605 | D:2      | Reached XP level 3. HP: 19/24 MP: 2/6
  2131 | D:2      | Found a faded altar of an unknown god.
  2165 | D:2      | Found a faded altar of an unknown god.
  2378 | D:2      | Prayed at the altar of an unknown god.
  2378 | D:2      | Became a worshipper of Warmaster Okawaru
  2378 | D:2      | Reached * piety under Okawaru
  2479 | D:3      | Noticed Ijyb
  2481 | D:3      | Killed Ijyb
  2482 | D:3      | Reached skill level 3 in Long Blades
  2487 | D:3      | Reached XP level 4. HP: 30/30 MP: 2/7
  2948 | D:2      | Reached skill level 4 in Long Blades
  3270 | D:3      | Reached skill level 1 in Evocations
  3270 | D:3      | Reached XP level 5. HP: 35/35 MP: 5/8
  3373 | D:3      | Found a bloodstained altar of Trog.
  3374 | D:3      | Noticed Natasha
  3381 | D:3      | Killed Natasha
  3382 | D:3      | Reached skill level 1 in Fighting
  3424 | D:3      | Noticed Natasha
  3431 | D:3      | Killed Natasha
  3586 | D:3      | Noticed Natasha
  3591 | D:3      | Killed Natasha
  4325 | D:4      | Found Syosaxoala's Distillery.
  4328 | D:4      | Bought a potion of curing for 33 gold pieces
  4328 | D:4      | Bought a potion of degeneration for 11 gold pieces
  4329 | D:4      | Bought a potion of might for 44 gold pieces
  4363 | D:4      | Reached XP level 6. HP: 47/47 MP: 7/9
  4486 | D:4      | Identified the +0 ring mail of Seni {rN++ Dex+4}
  4769 | D:4      | Found a sacrificial altar of Ru.
  4769 | D:4      | Found a white marble altar of Elyvilon.
  5395 | D:4      | Bought a potion of haste for 110 gold pieces
  5400 | D:5      | Entered Level 5 of the Dungeon
  5426 | D:5      | Noticed a black bear
  5432 | D:4      | Killed a black bear
  5433 | D:4      | Reached XP level 7. HP: 48/55 MP: 10/10
  5460 | D:5      | Reached ** piety under Okawaru
  5766 | D:5      | Reached skill level 5 in Fighting
  5912 | D:5      | Found a staircase to the Ecumenical Temple.
  5921 | Temple   | Entered the Ecumenical Temple
  5945 | D:5      | Noticed Blork the orc
  5948 | D:5      | Killed Blork the orc
  5995 | D:5      | Reached skill level 5 in Long Blades
  6288 | D:5      | Found a burning altar of Makhleb.
  6374 | D:5      | Reached skill level 6 in Long Blades
  6374 | D:5      | Reached skill level 1 in Invocations
  6545 | D:5      | Noticed Prince Ribbit
  6547 | D:5      | Killed Prince Ribbit
  6547 | D:5      | Reached *** piety under Okawaru
  6548 | D:5      | Reached XP level 8. HP: 62/62 MP: 11/11
  7074 | D:6      | Noticed Pikel
  7077 | D:6      | Killed Pikel
  7078 | D:6      | Reached skill level 7 in Long Blades
  7078 | D:6      | Reached skill level 8 in Long Blades
  7219 | D:6      | Reached skill level 9 in Long Blades
  7474 | D:6      | Reached **** piety under Okawaru
  7475 | D:6      | Reached XP level 9. HP: 69/69 MP: 10/12
  7609 | D:6      | Reached skill level 5 in Dodging
  7876 | D:6      | Noticed Grinder
  7879 | D:6      | Paralysed by Grinder for 4 turns
  7883 | D:6      | Killed Grinder
  8081 | D:6      | Reached skill level 5 in Poison Magic
  8475 | D:7      | Reached skill level 1 in Air Magic
  8479 | D:7      | Learned a level 3 spell: Mephitic Cloud
  8596 | D:7      | Reached skill level 1 in Conjurations
  8738 | D:7      | Found a broken altar of Ashenzari.
  8776 | D:7      | Found a runed translucent door.
  8891 | D:7      | Found a basalt altar of Yredelemnul.
  9155 | D:8      | Reached XP level 10. HP: 76/76 MP: 13/13
  9458 | D:8      | Reached ***** piety under Okawaru
  9647 | D:8      | Learned a level 4 spell: Olgreb's Toxic Radiance
  9776 | D:8      | Noticed Maggie
  9790 | D:8      | Killed from afar by Maggie

Illustrated notes

Levels and vault maps discovered:
D:1:      minmay_arrival_glassed_features, layout_loops_ring,
          nicolae_concentric_dashed_squares_wild, moated_statue
D:2:      layout_basic, hellmonk_ecumenical_altar_the_god_not_taken
D:3:      layout_rooms, lemuel_round_altar, kennysheep_potato, uniq_natasha,
          uniq_ijyb
D:4:      layout_loops_cross, gammafunk_temple_overflow_elements, serial_shops,
          kennysheep_mini_moat, grunt_tough_drop
D:5:      layout_layer_cave, bloody_makhleb, temple_fountains,
          grunt_ministairs_5, minmay_fountain_box, uniq_prince_ribbit1,
          uniq_blork_the_orc
D:6:      layout_basic, st_stairs_4, uniq_grinder, uniq_pikel
D:7:      layout_rooms, dk_yredelemnul_ordeal, amcnicky_altar_gilded
D:8:      layout_gridville, serial_shops, shop, shop,
          nicolae_shop_overgrown_old_shop, shop, serial_demonic,
          serial_demonic_g, serial_demonic_f, serial_demonic_a,
          serial_demonic_g, uniq_maggie
Temple:   regret_index_temple_generic_petals

Skill      XL: |  1  2  3  4  5  6  7  8  9 10 |
---------------+-------------------------------+-----
Poison Magic   | 4 6 |  6.0
Long Blades    | 2 3 4 6 9 |  9.0
Evocations     | 1 2 3 |  3.0
Fighting       | 3 4 5 6 |  6.0
Dodging        | 4 8 |  8.0
Invocations    | 3 4 |  4.0
Air Magic      | 2 3 |  3.4
Conjurations   | 2 3 |  3.4
Stealth        | |  2.1
Spellcasting   | |  2.0
Transmutations | |  1.3

Action                     |  1- 3 |  4- 6 |  7- 9 | 10-12 || total
---------------------------+-------+-------+-------+-------++-------
  Melee: Dagger            |     1 |       |       |       ||     1
         Falchion          |     4 |    49 |   123 |    54 ||   230
         Punch             |       |     1 |     5 |       ||     6
   Cast: Sting             |    61 |    70 |    59 |     3 ||   193
 Invoke: Heroism           |       |       |     2 |     1 ||     3
  Evoke: Wand              |     2 |     3 |    16 |     5 ||    26
    Use: Scroll            |       |     3 |     1 |       ||     4
         Potion            |       |       |       |     1 ||     1
   Stab: Sleeping          |       |       |     1 |       ||     1
 Armour: Robe              |     9 |       |       |       ||     9
         Leather armour    |     1 |    35 |       |       ||    36
         Ring mail         |       |    25 |    81 |    31 ||   137
  Dodge: Dodged            |     9 |    53 |   108 |    63 ||   233
         Repelled          |       |       |     2 |       ||     2

Table legend: (Time is in decaauts)
 A = Elapsed time spent in this place.
 B = Non-inter-level travel time spent in this place.
 C = Inter-level travel time spent in this place.
 D = Time resting spent in this place.
 E = Time spent auto-exploring this place.
 F = Levels seen in this place.
 G = Mean time per level.
                   A        B        C        D        E       F      G
               +--------+--------+--------+--------+--------+-----+--------+
         Total |   9884 |   9118 |    766 |   2598 |   4930 |   9 | 1098.2 |
       Dungeon |   9882 |   9116 |    766 |   2598 |   4930 |   8 | 1235.2 |
        Temple |      1 |      1 |      0 |      0 |      0 |   1 |    1.0 |
               +--------+--------+--------+--------+--------+-----+--------+

Top non-repeatable levels by time:
     D:2: 2304 daAuts
     D:5: 1689 daAuts
     D:6: 1333 daAuts
     D:4: 1256 daAuts
     D:3: 990 daAuts
     D:1: 939 daAuts
     D:7: 879 daAuts
     D:8: 489 daAuts
  Temple: 1 daAuts
